 Dungeon Crawl Stone Soup version 0.30-a0-292-g0f741e3f8e (webtiles) character file.

Game seed: 5766531918792351586

68560 hikkokomori the Fighter (level 15, 0/98 HPs)
             Began as a Gargoyle Berserker on Oct 17, 2022.
             Was a High Priest of Trog.
             Slain by an orc knight
             ... wielding a +2 vorpal war axe
              (23 damage)
             ... on level 2 of the Orcish Mines on Oct 18, 2022.
             The game lasted 01:03:27 (22607 turns).

hikkokomori the Fighter (Gargoyle Berserker)       Turns: 22607, Time: 01:03:28

Health: 0/98       AC: 32    Str: 32    XL:     15   Next: 26%
Magic:  24/24      EV: 12    Int:  8    God:    Trog [*****.]
Gold:   2810       SH: 13    Dex: 13    Spells: 14/14 levels left

rFire   + . .      SeeInvis .    U - +1 broad axe (freeze)
rCold   + + .      Faith    .    Y - +2 kite shield {rF+}
rNeg    + . .      Spirit   .    I - +2 ice dragon scales
rPois   ∞          Reflect  .    s - +0 helmet
rElec   +          Harm     .    C - scarf {repulsion}
rCorr   +          Rampage  .    l - +2 pair of gloves
Will    +....                    (no boots)
Stlth   ++........               H - amulet of magic regeneration
HPRegen 0.36/turn                i - ring "Ecoegi Sonu" {rF+ rCorr MP+9 Str+2}
MPRegen 0.59/turn                E - +6 ring of strength

@: flying, invisible, repel missiles
A: sickness immunity, AC +11, big wings, negative energy resistance 1,
electricity resistance, torment resistance 1, petrification resistance
a: Renounce Religion, Berserk, Trog's Hand, Brothers in Arms


You were on level 2 of the Orcish Mines.
You worshipped Trog.
Trog was extremely pleased with you.
You visited 4 branches of the dungeon, and saw 21 of its levels.
You also visited: Sewer and Volcano.

You collected 3146 gold pieces.
You spent 336 gold pieces at shops.

Inventory:

Hand Weapons
 m - a +2 antimagic hand axe
 U - a +1 broad axe of freezing (weapon)
 Z - the +7 long sword of Haojir {protect, Fly rPois}
   (You found it on level 12 of the Dungeon)

   It grants its wielder temporary protection when it strikes (+7 to AC).
   rPois:     It protects you from poison.
   Fly:       It grants you flight.
Missiles
 M - 5 silver javelins
 N - a throwing net
 W - 25 poisoned darts (quivered)
Armour
 b - a +3 leather armour of fire resistance
 l - a +2 pair of gloves (worn)
 s - a +0 helmet (worn)
 C - a scarf of repulsion (worn)
 I - +2 ice dragon scales (worn)
 X - a +2 buckler of reflection
 Y - a +2 kite shield of fire resistance (worn)
Jewellery
 i - the ring "Ecoegi Sonu" (left hand) {rF+ rCorr MP+9 Str+2}
   (You acquired it on level 3 of the Lair of Beasts)

   [ring of resist corrosion]

   Str:       It affects your strength (+2).
   rF:        It protects you from fire.
   MP:        It affects your magic capacity (+9).
   rCorr:     It protects you from acid and corrosion.
 k - a ring of willpower
 E - a +6 ring of strength (right hand)
 H - an amulet of magic regeneration (around neck)
 K - a ring of see invisible
 R - a ring of ice
 T - a +6 ring of dexterity
Wands
 o - a wand of mindburst (7)
 p - a wand of flame (78)
 x - a wand of digging (13)
 L - a wand of paralysis (8)
 Q - a wand of acid (10)
 S - a wand of iceblast (17)
Scrolls
 d - 2 scrolls of vulnerability
 e - 5 scrolls of teleportation
 v - a scroll of brand weapon
 y - a scroll of enchant armour
 D - a scroll of fog
Potions
 c - 2 potions of berserk rage {unknown}
 f - 4 potions of haste
 g - 4 potions of heal wounds
 h - 4 potions of ambrosia
 j - 4 potions of lignification
 n - 6 potions of might
 q - 3 potions of resistance
 u - 6 potions of mutation
 w - 9 potions of curing
 z - 2 potions of attraction
 A - 2 potions of magic
 B - 2 potions of cancellation
 G - a potion of experience {unknown}
Miscellaneous
 a - a lightning rod (4/4)
 F - a condenser vane (inert)


   Skills:
 + Level 13.0 Fighting
 + Level 12.5 Axes
 + Level 12.7 Armour
 - Level 7.4 Dodging
 - Level 8.0 Stealth
 + Level 10.7 Shields
 - Level 8.4 Evocations


You had 14 spell levels left.
You didn't know any spells.
Your spell library was empty.

Dungeon Overview and Level Annotations

Branches:
Dungeon (13/15)            Temple (0/1) D:4            Lair (5/5) D:11
 Shoals (1/4) Lair:2       Spider (0/4) Lair:3        Slime (0/5) Lair:4
    Orc (2/2) D:10            Elf (0/3) Orc:2         Sewer (visited)
Volcano (visited)
 Vaults: D:13-14

Altars:
Cheibriados
Hepliaklqana
Makhleb
Nemelex Xobeh
Vehumet
Xom
The Shining One

Shops:
D:4 [   D:8 :   D:12 [

Annotations:
D:10 4 transporters
Lair:1 2 transporters, NinjaNoafa's ghost, journeyman TrGl
Orc:1 1 runed translucent door, Weruduu's ghost, journeyman MfIE


Innate Abilities, Weirdness & Mutations

You are immune to sickness and miasma.
Your stone body is resilient. (AC +11)
You are immune to poison.
Your large and strong wings let you fly.
You resist negative energy. (rN+)
You are resistant to electric shocks. (rElec)
You are resistant to unholy torment.
You are immune to petrification.


Message History

An orc high priest comes into view. It is wielding a +0 long sword.
The orc knight is engulfed in blazing flames.
Unknown command.
You hit the orc warrior but do no damage.
The orc warrior is almost dead.
You hit the orc knight. You freeze the orc knight.
You block the orc warrior's attack.
The orc knight hits you with a +2 war axe of freezing!
The orc high priest utters an invocation to Beogh.
Unknown command.
You hit the orc warrior. You freeze the orc warrior.
You kill the orc warrior!
Trog accepts your kill.
You closely miss the orc knight. The orc knight completely misses you.
The orc knight is engulfed in blazing flames.
You block the orc knight's attack.
Unknown command.
You slash the orc knight! You freeze the orc knight.
The orc knight is almost dead.
You barely miss the orc knight.
The orc knight hits you with a +2 vorpal war axe.
The orc knight hits you with a +2 war axe of freezing!!
The orc knight freezes you.
The orc high priest mumbles some strange prayers to Beogh.
The orc knight is engulfed in blazing flames.
The orc knight hits you from afar with a +0 halberd!!
* * * LOW HITPOINT WARNING * * *
You are too injured to fight recklessly!
Unknown command.
Okay, then.
You fade into invisibility!
An orc warrior comes into view. It is wielding a +0 hand axe.
The orc knight closely misses you. You block the orc knight's attack.
The orc knight barely misses you.
An orc warrior comes into view. It is wielding a +0 mace.
You slash the orc knight! You freeze the orc knight.
The orc knight is severely wounded.
You hit the orc knight but do no damage.
The orc knight hits you with a +2 vorpal war axe!!
You die...

...## (........
..# ....#
.§§§#§§§# o.
...## #.§§§..§§
o4# #.##
#..§#.§§# 4.#
### #(...§§§§o#
# #..#.§§#§.# #
#...§o§.#
##.#.## #..o@o#
###.#.###
##.......## #
#..#...#..# ##
##.........##
.#
#...#...#...#
.##
##...........##
..#
#....#...#....#
..#
#......)......#


You could see 3 orc knights, an orc high priest (strong, unable to see you), an
orange demon (summoned, unable to see you), a hellwing (summoned, wandering,
unable to see you) and 2 orc warriors.

Vanquished Creatures
  An orc warlord (Orc:2)
  A red draconian (Volcano)
  A minotaur (Lair:1)
  A fire dragon (Lair:5)
  An ogre mage (Volcano)
  A hydra (D:13)
  8 two-headed ogres
  3 boulder beetles
  3 orc high priests
  A tengu warrior (D:11)
  2 sea snakes (Shoals:1)
  A deep troll (Lair:2)
  A lindwurm (Lair:5)
  7 orc knights
  An orc sorcerer (Orc:2)
  20 elephants
  3 ugly things
  2 cyclopes
  Joseph (Lair:1)
  4 black mambas
  2 molten gargoyles (Lair:5)
  12 cane toads
  2 torpor snails
  A kobold demonologist (D:12)
  2 rime drakes
  2 efreet
  9 komodo dragons
  5 polar bears
  6 trolls
  9 slime creatures
  Grinder (D:4)
  A merfolk (Shoals:1)
  A wind drake (Shoals:1)
  12 dream sheep (Lair:5)
  22 blink frogs
  A jumping spider (Lair:3)
  2 snapping turtles (Shoals:1)
  9 wyverns
  A shadow (D:12)
  Grum (D:10)
  5 basilisks
  28 yaks
  4 steam dragons
  4 vampire mosquitoes
  Menkaure (D:4)
  6 wargs
  4 hell hounds (Lair:5)
  12 water moccasins
  30 orc warriors
  8 ogres
  A black bear (D:4)
  11 wolves
  2 centaurs (D:10)
  2 phantoms
  A kobold brigand (D:7)
  11 bullfrogs
  A necrophage (D:5)
  3 gnoll sergeants
  4 scorpions
  6 wights
  5 killer bees (D:9)
  3 howler monkeys
  5 lava snakes (Lair:5)
  5 hounds
  24 orc priests
  6 iguanas
  6 jellies
  9 hell rats (Lair:2)
  12 orc wizards
  15 gnolls
  8 adders
  5 river rats
  A shadow imp (D:6)
  2 white imps
  An ufetubus (D:4)
  3 worms
  4 dart slugs
  86 orcs
  4 endoplasms
  3 giant cockroaches
  7 goblins
  4 hobgoblins
  6 jackals
  4 quokkas
  9 ball pythons
  A bat (D:3)
  5 frilled lizards
  14 kobolds
  9 rats
574 creatures vanquished.

Vanquished Creatures (collateral kills)
  A skeletal warrior (D:11)
  2 orc knights (Orc:2)
  A yaktaur (D:11)
  3 orc warriors (Orc:2)
  6 orc priests (Orc:2)
  2 orcs
15 creatures vanquished.

Vanquished Creatures (others)
  24 fungi
  19 plants
43 creatures vanquished.

Grand Total: 632 creatures vanquished

Notes
Turn   | Place    | Note
-------+----------+-------------------------------------------
     0 | D:1      | hikkokomori the Gargoyle Berserker began the quest for the
                  | Orb.
     0 | D:1      | Reached XP level 1. HP: 14/14 MP: 1/1
   164 | D:1      | Reached XP level 2. HP: 11/19 MP: 2/2
   607 | D:2      | Reached XP level 3. HP: 23/23 MP: 3/3
   806 | D:2      | Found a faded altar of an unknown god.
  1376 | D:2      | Reached ** piety under Trog
  1757 | D:3      | Reached XP level 4. HP: 28/29 MP: 4/4
  1922 | D:3      | Found a sparkling altar of Nemelex Xobeh.
  1960 | D:3      | Found a radiant altar of Vehumet.
  1970 | D:3      | Found a hazy altar of Hepliaklqana.
  2293 | D:4      | Noticed Grinder
  2307 | D:4      | Killed Grinder
  2308 | D:4      | Reached skill level 4 in Fighting
  2308 | D:4      | Reached XP level 5. HP: 27/34 MP: 5/5
  2308 | D:4      | Reached XP level 6. HP: 32/40 MP: 6/6
  2351 | D:4      | Found Vopod's Antique Armour Shop.
  2470 | D:4      | Reached skill level 5 in Fighting
  2789 | D:4      | Noticed Menkaure
  2801 | D:4      | Killed Menkaure
  2802 | D:4      | Reached XP level 7. HP: 38/44 MP: 7/7
  3025 | D:4      | Found a staircase to the Ecumenical Temple.
  3455 | D:5      | Entered Level 5 of the Dungeon
  3466 | D:5      | Reached skill level 6 in Fighting
  3466 | D:5      | Reached skill level 5 in Axes
  3543 | D:4      | Bought a pitted chain mail for 180 gold pieces
  3543 | D:4      | Identified the +0 chain mail "Ithriaho" {rElec} (You bought
                  | it in a shop on level 4 of the Dungeon)
  3933 | D:5      | Reached XP level 8. HP: 51/51 MP: 8/8
  4607 | D:6      | Found a glowing drain.
  4619 | Sewer    | Entered a sewer
  5489 | D:6      | Reached skill level 7 in Fighting
  6107 | D:6      | Reached *** piety under Trog
  6171 | D:7      | Reached skill level 5 in Armour
  6245 | D:7      | Noticed a wyvern
  6259 | D:7      | Killed a wyvern
  6260 | D:7      | Reached XP level 9. HP: 39/58 MP: 9/9
  6614 | D:7      | Reached skill level 8 in Fighting
  7336 | D:8      | Found Curun's Book Shop.
  7386 | D:8      | Reached skill level 9 in Fighting
  7397 | D:8      | Reached XP level 10. HP: 48/66 MP: 10/10
  7659 | D:8      | You fall into a shaft and drop 1 floor!
  7867 | D:9      | Found a glowing golden altar of the Shining One.
  7923 | D:9      | Reached skill level 10 in Fighting
  8284 | D:9      | Reached skill level 1 in Evocations
  8315 | D:9      | Reached **** piety under Trog
  8340 | D:9      | Found a shimmering altar of Xom.
  8965 | D:10     | Entered Level 10 of the Dungeon
  8965 | D:10     | Noticed a two-headed ogre
  8973 | D:10     | Killed a two-headed ogre
  9138 | D:10     | Found a staircase to the Orcish Mines.
  9419 | D:10     | Reached XP level 11. HP: 73/73 MP: 11/11
  9469 | D:10     | Found a transporter.
  9471 | D:10     | Found a transporter.
  9473 | D:10     | Found a transporter.
  9510 | D:10     | Found a transporter.
  9549 | D:10     | Found a flagged portal.
  9634 | D:10     | Noticed Grum
  9635 | D:10     | Reached skill level 11 in Fighting
  9650 | D:10     | Killed Grum
 10068 | D:11     | Noticed a skeletal warrior
 10077 | D:11     | Killed a skeletal warrior
 10246 | D:11     | Noticed a boulder beetle
 10313 | Orc:1    | Entered Level 1 of the Orcish Mines
 10314 | Orc:1    | Noticed an orc high priest
 10317 | Orc:2    | Entered Level 2 of the Orcish Mines
 10317 | Orc:2    | Noticed an orc warlord
 10317 | Orc:2    | Noticed an orc knight
 10600 | Orc:1    | Killed an orc high priest
 10661 | Orc:1    | Noticed an orc knight
 10673 | Orc:1    | Killed an orc knight
 10690 | Orc:1    | Noticed an orc knight
 10696 | Orc:1    | Killed an orc knight
 10697 | Orc:1    | Reached skill level 5 in Evocations
 10697 | Orc:1    | Noticed an orc knight
 10704 | Orc:1    | Killed an orc knight
 10705 | Orc:1    | Reached skill level 10 in Axes
 10717 | Orc:1    | Reached ***** piety under Trog
 10718 | Orc:1    | Reached skill level 12 in Fighting
 10838 | Orc:1    | Found a dark tunnel.
 10848 | Volcano  | Entered a volcano
 10915 | Volcano  | Noticed a red draconian
 10926 | Volcano  | Killed a red draconian
 11055 | Volcano  | Noticed a two-headed ogre
 11064 | Volcano  | Killed a two-headed ogre
 11188 | Volcano  | Noticed a two-headed ogre
 11188 | Volcano  | Noticed a two-headed ogre
 11189 | Volcano  | Noticed an ogre mage
 11197 | Volcano  | Killed an ogre mage
 11198 | Volcano  | Reached XP level 12. HP: 81/81 MP: 12/12
 11201 | Volcano  | Killed a two-headed ogre
 11202 | Volcano  | Killed a two-headed ogre
 11203 | Volcano  | Reached skill level 5 in Dodging
 11243 | Volcano  | Noticed a two-headed ogre
 11255 | Volcano  | Killed a two-headed ogre
 11731 | Orc:1    | Noticed a two-headed ogre
 11740 | Orc:1    | Killed a two-headed ogre
 11787 | Orc:1    | Found a burning altar of Makhleb.
 11788 | Orc:1    | Found a runed translucent door.
 11970 | Orc:1    | Noticed Weruduu's ghost (journeyman MfIE)
 12094 | D:11     | Found a staircase to the Lair.
 12152 | D:11     | Killed a boulder beetle
 12168 | D:11     | Noticed a two-headed ogre
 12186 | D:11     | Killed a two-headed ogre
 12658 | D:11     | Noticed a tengu warrior
 12667 | D:11     | Killed a tengu warrior
 12890 | D:12     | Found Goeteukla's Armour Shop.
 12959 | D:12     | Bought a scarf of repulsion for 156 gold pieces
 13124 | D:12     | Identified the +7 long sword of Haojir {protect, Fly rPois}
 13130 | D:12     | Noticed a boulder beetle
 13155 | D:12     | Killed a boulder beetle
 13837 | D:12     | Reached XP level 13. HP: 82/86 MP: 13/13
 13975 | Lair:1   | Entered Level 1 of the Lair of Beasts
 14181 | Lair:1   | Noticed Joseph
 14201 | Lair:1   | Killed Joseph
 14233 | Lair:1   | Noticed NinjaNoafa's ghost (journeyman TrGl)
 14234 | Lair:1   | Found a transporter.
 14237 | Lair:1   | Found a transporter.
 14768 | Lair:1   | Identified a scroll of acquirement
 14768 | Lair:1   | Acquired 1039 gold pieces
 15033 | Lair:1   | Found a runed translucent door.
 15302 | Lair:1   | Noticed a minotaur
 15311 | Lair:1   | Killed a minotaur
 15361 | Lair:2   | Found a staircase to the Shoals.
 15385 | Shoals:1 | Entered Level 1 of the Shoals
 15407 | Shoals:1 | Reached skill level 1 in Stealth
 15770 | Lair:2   | You fall into a shaft and drop 1 floor!
 16185 | Lair:3   | Found a hole to the Spider Nest.
 16882 | Lair:2   | Reached skill level 10 in Armour
 16979 | Lair:2   | Reached skill level 1 in Shields
 17442 | Lair:2   | Found a snail-covered altar of Cheibriados.
 18221 | Lair:3   | Acquired the ring "Ecoegi Sonu" {rF+ rCorr MP+9 Str+2}
 18516 | Lair:4   | Found a staircase to the Slime Pits.
 18747 | Lair:4   | Reached skill level 5 in Stealth
 18867 | Lair:4   | Reached skill level 5 in Shields
 18897 | Lair:4   | Gained mutation: Your large and strong wings let you fly.
                  | [Gargoyle growth]
 18897 | Lair:4   | Reached XP level 14. HP: 92/92 MP: 14/14
 18897 | Lair:4   | Received a gift from Trog
 19412 | Lair:5   | Entered Level 5 of the Lair of Beasts
 19921 | Lair:5   | Identified the +2 robe "Irabrok" {*Corrode rElec Dex+3}
 20390 | Lair:5   | Found a large runed translucent door.
 20574 | Lair:5   | Found a large runed translucent door.
 21360 | Shoals:1 | Reached skill level 10 in Shields
 21650 | Orc:2    | Killed an orc warlord
 21651 | Orc:2    | Reached XP level 15. HP: 97/97 MP: 15/15
 21759 | Orc:2    | Found a staircase to the Elven Halls.
 21811 | Orc:2    | HP: 1/145 [orc warrior/+0 battleaxe[an orc knight] (8)]
 22159 | Orc:2    | Received a gift from Trog
 22425 | Orc:2    | HP: 2/97 [orc priest/divine providence (8)]
 22528 | Orc:2    | Reached skill level 13 in Fighting
 22607 | Orc:2    | Slain by an orc knight

Illustrated notes

Levels and vault maps discovered:
D:1:      scummos_arrival_hexagon, layout_basic, chequers_avenue
D:2:      layout_basic, shapermc_ecumenical_altar_rom_forum
D:3:      layout_loops_cross, nicolae_overflow_squiral,
          overflow_temple_1_default, hangedman_decor_riveting
D:4:      layout_cave_pools, minmay_temple_entry_statues_pillars, serial_shops,
          shop_fountains, serial_bayou_crossing, uniq_grinder, uniq_menkaure
D:5:      layout_loops_corners, patterned_corridor
D:6:      layout_basic, portal_sewer_entry_a
D:7:      layout_loops_ring
D:8:      nicolae_cairo_tiling_large, layout_rooms, serial_shops,
          nicolae_diamond_shop
D:9:      layout_long_grid, nicolae_tso_swordbearing_angel,
          mainiacjoe_overflow_tiny_flanked
D:10:     layout_roguey, david_orc_2, lightli_bailey_entry_fortress,
          nicolae_diode_quadrants, uniq_grum
D:11:     layout_rooms, lair_entry_dummy, minmay_diamond_spiral
D:12:     layout_irregular_city, serial_shops, shop
D:13:     layout_layer_cave, ebering_ghost_reflecting_pool, uniq_jorgrun,
          uniq_azrael, uniq_erolcha, uniq_josephine
Lair:1:   dreamdust_labyrinth, layout_cave_pods, gammafunk_ghost_hive,
          uniq_joseph
Lair:2:   dreamdust_cave_troll, layout_regular_city, elwin_shoals_entry_rocks,
          kennysheep_snail_temple, grunt_megastairs_2
Lair:3:   layout_hall_layers, spider_nest_entry_rubble
Lair:4:   layout_regular_city, minmay_slime_entry_pillars, grunt_megastairs_1
Lair:5:   cheibrodos_lair_end_hotspot, layout_regular_city
Shoals:1: layout_shoals, serial_shops, shop_fountains,
          nicolae_shoals_drake_roost, uniq_aizul
Orc:1:    layout_caves, ebering_ghost_reflecting_pool,
          nicolae_volcano_entry_two_sided, basic_altar
Orc:2:    st_orc_pillars, layout_diamond_mine

Skill      XL: |  1  2  3  4  5  6  7  8  9 10 11 12 13 14 15 |
---------------+----------------------------------------------+-----
Axes           | 3 4 5 6 7 9 10 11 12 | 12.5
Dodging        | 2 3 4 6 7 |  7.4
Fighting       | 4 5 6 7 9 10 12 13 | 13.0
Armour         | 3 5 7 8 9 10 12 | 12.7
Evocations     | 3 6 8 |  8.4
Stealth        | 5 8 |  8.0
Shields        | 5 10 | 10.7

Action                   |  1- 3 |  4- 6 |  7- 9 | 10-12 | 13-15 || total
-------------------------+-------+-------+-------+-------+-------++-------
Melee: Hand axe          |   117 |    89 |   421 |    59 |       ||   686
       Punch             |     1 |     1 |     2 |     5 |       ||     9
       Broad axe         |       |       |       |   329 |   782 ||  1111
       Battleaxe         |       |       |       |    14 |       ||    14
Throw: Throwing net      |       |       |     1 |       |       ||     1
       Dart              |       |       |       |     6 |       ||     6
       Javelin           |       |       |       |       |     2 ||     2
Invok: Berserk           |     2 |     3 |     9 |    10 |    14 ||    38
       Trog's Hand       |       |     2 |       |     2 |     2 ||     6
       Brothers in Arms  |       |       |       |     2 |     1 ||     3
Evoke: Wand              |       |       |     2 |    33 |     7 ||    42
       Lightning rod     |       |       |       |     3 |       ||     3
       Condenser vane    |       |       |       |       |     2 ||     2
  Use: Scroll            |       |       |     9 |     8 |    17 ||    34
       Potion            |       |       |       |     6 |     6 ||    12
 Stab: Paralysed         |       |       |       |     3 |       ||     3
       Distracted        |       |       |       |     1 |     1 ||     2
       Sleeping          |       |       |       |       |     6 ||     6
Armor: Animal skin       |    19 |       |       |       |       ||    19
       Robe              |    23 |    29 |     7 |       |       ||    59
       Chain mail        |       |       |   134 |       |       ||   134
       Steam dragon scal |       |       |    83 |   170 |       ||   253
       Leather armour    |       |       |       |    39 |    90 ||   129
       Ice dragon scales |       |       |       |    43 |   307 ||   350
Dodge: Dodged            |    88 |    67 |   183 |   361 |   441 ||  1140
       Repelled          |       |       |       |       |     9 ||     9
Block: Buckler           |       |       |       |       |   207 ||   207
       Kite shield       |       |       |       |       |   100 ||   100
       Reflection        |       |       |       |       |     2 ||     2

Table legend: (Time is in decaauts)
 A = Elapsed time spent in this place.
 B = Non-inter-level travel time spent in this place.
 C = Inter-level travel time spent in this place.
 D = Time resting spent in this place.
 E = Time spent auto-exploring this place.
 F = Levels seen in this place.
 G = Mean time per level.
                   A        B        C        D        E       F      G
               +--------+--------+--------+--------+--------+-----+--------+
         Total |  23109 |  21690 |   1419 |   2815 |  13981 |  23 | 1004.7 |
       Dungeon |  12229 |  11300 |    929 |   1131 |   7728 |  13 |  940.7 |
          Lair |   7411 |   7014 |    397 |    964 |   4721 |   5 | 1482.2 |
        Shoals |     85 |     84 |      1 |      3 |      2 |   1 |   85.0 |
  Orcish Mines |   1932 |   1841 |     91 |    346 |    884 |   2 |  966.0 |
         Sewer |    821 |    821 |      0 |    315 |    294 |   1 |  821.0 |
       Volcano |    629 |    629 |      0 |     55 |    350 |   1 |  629.0 |
               +--------+--------+--------+--------+--------+-----+--------+

Top non-repeatable levels by time:
  Lair:5: 1850 daAuts
  Lair:2: 1695 daAuts
  Lair:1: 1456 daAuts
    D:10: 1423 daAuts
  Lair:3: 1329 daAuts
     D:4: 1281 daAuts
     D:9: 1206 daAuts
     D:7: 1117 daAuts
  Lair:4: 1079 daAuts
    D:11: 1075 daAuts
    D:12: 1055 daAuts
     D:2: 1027 daAuts
   Orc:2: 995 daAuts
     D:5: 983 daAuts
   Orc:1: 937 daAuts
